 Dungeon Crawl Stone Soup version 0.31-a0-1370-gf52a5a9ab3 (webtiles) character file.

Game seed: 9673922891003657331

91 grandjackal the Trooper (level 4, -7/48 HPs)
             Began as an Oni Warper on Dec 24, 2023.
             Mangled by a gnoll
             ... wielding a +0 flail
              (9 damage)
             ... on level 3 of the Dungeon.
             The game lasted 00:01:29 (2376 turns).

grandjackal the Trooper (Oni Warper)                Turns: 2376, Time: 00:01:29

Health: -7/48      AC:  3    Str: 15    XL:     4   Next: 59%
Magic:  7/7        EV:  9    Int: 16    God:
Gold:   115        SH:  0    Dex:  8    Spells: 3/7 levels left

rFire   . . .        a - +0 mace
rCold   . . .        (no shield)
rNeg    . . .        b - +0 robe
rPois   .            (helmet restricted)
rElec   .            (no cloak)
rCorr   .            (gloves unavailable)
SInv    .            (boots unavailable)
Will    .....        (no amulet)
Stlth   +            (no ring)
HPRegen 0.28/turn    (no ring)
MPRegen 0.10/turn

%: no passive effects
@: no status effects
A: large, unfitting armour, horns 1, tough skin 1, double potion healing,
drunken brawling
a: no special abilities


You were on level 3 of the Dungeon.
You visited 1 branch of the dungeon, and saw 3 of its levels.

You collected 115 gold pieces.

Inventory:

Hand Weapons
 a - a +0 mace (weapon)
Missiles
 d - 7 darts of dispersal (quivered)
 i - 3 poisoned darts
Armour
 b - a +0 robe (worn)
Jewellery
 l - an amulet of magic regeneration
Scrolls
 c - a scroll of blinking
 e - 2 scrolls of identify {unknown}
 f - a scroll of enchant armour {unknown}
Potions
 g - 2 potions of attraction {unknown}
 h - a potion of enlightenment {unknown}
 j - a potion of heal wounds
 k - 2 potions of might {unknown}


   Skills:
 + Level 4.2 Fighting
 + Level 3.1 Maces & Flails
 - Level 1.0 Throwing
 - Level 2.1 Dodging
 - Level 2.4 Spellcasting
 + Level 3.4 Translocations


You had 3 spell levels left.
You knew the following spells:

 Your Spells              Type           Power      Damage    Failure   Level
a - Blink                 Tloc           26%        N/A       7%          2
b - Lesser Beckoning      Tloc           26%        N/A       7%          2

Your spell library contained the following spells:

 Spells                   Type           Power      Damage    Failure   Level
 Teleport Other           Tloc           13%        N/A       14%         3
 Manifold Assault         Tloc           13%        N/A       43%         4
 Vhi's Electric Charge    Tloc/Air       14%        N/A       67%         4


Dungeon Overview and Level Annotations

Branches:
Dungeon (3/15)

Altars:
Nemelex Xobeh

Annotations:
D:2 1 runed translucent door, Crazy Yiuf


Innate Abilities, Weirdness & Mutations

You are too large for most types of armour.
You have a pair of small horns on your head.
You have tough skin. (AC +1)
You gain doubled healing and magic from potions.
Whenever you drink a healing potion, you attack all around you.


Message History

You now have 115 gold pieces (gained 12).
You open the door.
There is an open door here.
You open the door.
A gnoll comes into view. It is wielding a +0 flail.
The gnoll shouts!
A gnoll comes into view. It is wielding a +0 whip.
There are monsters nearby!
The gnoll shouts!
You hear a shout! x2
There is an open door here.
You hit the gnoll.
The gnoll is moderately wounded.
The gnoll hits you with a +0 whip.
You hit the gnoll. Your headbutt misses the gnoll. Your punch misses the gnoll.
The gnoll is severely wounded.
The gnoll hits you with a +0 whip! The gnoll hits you but does no damage.
You barely miss the gnoll.
The gnoll is severely wounded.
The gnoll hits you with a +0 whip.
You barely miss the gnoll. Your headbutt misses the gnoll.
The gnoll is severely wounded.
The gnoll hits you with a +0 whip.
You hit the gnoll.
You kill the gnoll!
The gnoll hits you with a +0 flail!
You barely miss the gnoll. The gnoll completely misses you.
You hit the gnoll. Your headbutt misses the gnoll.
The gnoll is lightly wounded.
The gnoll hits you with a +0 flail!
* * * LOW HITPOINT WARNING * * *
You barely miss the gnoll.
The gnoll is lightly wounded.
The gnoll hits you with a +0 flail.
* * * LOW HITPOINT WARNING * * *
You hit the gnoll but do no damage. You headbutt the gnoll.
The gnoll is heavily wounded.
The gnoll hits you with a +0 flail.
* * * LOW HITPOINT WARNING * * *
The gnoll hits you with a +0 flail!
You die...

################...†......
#.#........ #.#........
#.#........ #.#........
#### #.#........ #..
..#........ #g#
###........ #@# #........
##'########†.......
#............######
#..................
#.....[...[........
#.................. ###
#.................. #.#
#.................. #.#
#######'#####......


You could see a gnoll.

Vanquished Creatures
  A gnoll (D:3)
  4 adders
  A dart slug (D:2)
  2 endoplasms
  A giant cockroach (D:3)
  4 goblins
  5 hobgoblins
  A quokka (D:3)
  5 ball pythons
  9 bats
  A frilled lizard (D:3)
  8 kobolds
  2 rats (D:1)
44 creatures vanquished.

Notes
Turn   | Place    | Note
-------+----------+-------------------------------------------
     0 | D:1      | grandjackal the Oni Warper began the quest for the Orb.
     0 | D:1      | Reached XP level 1. HP: 22/22 MP: 3/3
   117 | D:1      | Reached skill level 3 in Fighting
   187 | D:1      | Reached XP level 2. HP: 30/31 MP: 5/5
  1172 | D:2      | Reached XP level 3. HP: 33/37 MP: 6/6
  1175 | D:2      | Learned a level 2 spell: Blink
  1178 | D:2      | Learned a level 2 spell: Lesser Beckoning
  1661 | D:2      | Found a runed translucent door.
  1662 | D:2      | Noticed Crazy Yiuf
  2082 | D:3      | Found a sparkling altar of Nemelex Xobeh.
  2242 | D:3      | Reached XP level 4. HP: 48/48 MP: 7/7
  2288 | D:3      | Reached skill level 4 in Fighting
  2376 | D:3      | HP: 2/48 [gnoll/+0 flail (3)]
  2376 | D:3      | Mangled by a gnoll

Illustrated notes

Levels and vault maps discovered:
D:1:      dpeg_arrival_subterranean_lakeside_camping, layout_basic,
          due_unseen_surprise
D:2:      layout_loops_ring, uniq_crazy_yiuf_cottage
D:3:      layout_basic, mainiacjoe_overflow_alcove_1

Skill      XL: |  1  2  3  4 |
---------------+-------------+-----
Fighting       | 3 4 |  4.2
Translocations | 3 |  3.4
Maces & Flails | 3 |  3.1
Throwing       | |  1.0
Dodging        | |  2.1
Spellcasting   | |  2.4

Action                     |  1- 3 |  4- 6 || total
---------------------------+-------+-------++-------
  Melee: Mace              |   114 |    40 ||   154
         Headbutt          |    13 |     4 ||    17
    Use: Potion            |       |     1 ||     1
 Armour: Robe              |   102 |    60 ||   162
  Dodge: Dodged            |    75 |    35 ||   110

Table legend: (Time is in decaauts)
 A = Elapsed time spent in this place.
 B = Non-inter-level travel time spent in this place.
 C = Inter-level travel time spent in this place.
 D = Time resting spent in this place.
 E = Time spent auto-exploring this place.
 F = Levels seen in this place.
 G = Mean time per level.
                   A        B        C        D        E       F      G
               +--------+--------+--------+--------+--------+-----+--------+
         Total |   2418 |   2358 |     60 |    119 |   1901 |   3 |  806.0 |
       Dungeon |   2418 |   2358 |     60 |    119 |   1901 |   3 |  806.0 |
               +--------+--------+--------+--------+--------+-----+--------+

Top non-repeatable levels by time:
     D:1: 1046 daAuts
     D:2: 965 daAuts
     D:3: 406 daAuts
